 Dungeon Crawl Stone Soup version 0.29.1-2-gbd0b4ee654 (webtiles) character file.

Game seed: 14049977651313879755

12800 GorkyZ the Fighter (level 11, -26/86 HPs)
             Began as a Demonspawn Fighter on Nov 17, 2022.
             Was a Believer of Dithmenos.
             Annihilated by a skeletal warrior
             ... wielding a +0 halberd
              (28 damage)
             ... on level 11 of the Dungeon.
             The game lasted 01:05:14 (10681 turns).

GorkyZ the Fighter (Demonspawn Fighter)            Turns: 10681, Time: 01:05:16

Health: -26/86     AC: 21    Str: 20    XL:     11   Next: 67%
Magic:  16/16      EV:  9    Int: 14    God:    Dithmenos [**....]
Gold:   839        SH: 19    Dex: 16    Spells: 10/10 levels left

rFire   + + .      SeeInvis .   b - +2 war axe
rCold   + . .      Faith    .   U - +0 tower shield
rNeg    . . .      Spirit   .   Y - +5 ring mail of Jew Nay {Harm Dex-3 Slay+2}
rPois   .          Reflect  .   (helmet restricted)
rElec   +          Harm     +   V - scarf {rC+ rF+}
rCorr   .          Rampage  .   r - +2 pair of gloves
Will    .....                   X - +2 pair of boots
Stlth   +.........              n - amulet of regeneration
HPRegen 1.04/turn               c - +6 ring of dexterity
MPRegen 0.15/turn               m - ring of Nytozun {+Blink rElec rF+ Int+4}

@: wreathed by umbra
A: horns 1, slimy green scales 2, demonic guardian 2, condensation shield
a: Renounce Religion, Evoke Blink, Shadow Step


You were on level 11 of the Dungeon.
You worshipped Dithmenos.
Dithmenos was pleased with you.
You visited 2 branches of the dungeon, and saw 12 of its levels.

You collected 839 gold pieces.

Inventory:

Hand Weapons
 b - a +2 war axe (weapon)
 E - a +4 quarterstaff of chaos
Missiles
 i - 4 atropa-tipped darts
 s - 22 poisoned darts (quivered)
 R - 2 throwing nets
Armour
 r - a +2 pair of gloves (worn)
 w - a +1 buckler of poison resistance
 U - a +0 tower shield (worn)
 V - a scarf of resistance (worn)
 X - a +2 pair of boots (worn)
 Y - the +5 ring mail of Jew Nay (worn) {Harm Dex-3 Slay+2}
   (You found it on level 8 of the Dungeon)

   Dex:       It affects your dexterity (-3).
   Slay:      It affects your accuracy & damage with ranged weapons and melee
   (+2).
   Harm:      It increases damage dealt and taken.
 Z - the +3 salamander hide armour {Flames rF++ rC--}
   (You found it on level 10 of the Dungeon)

   It surrounds you with a cloud of flames.
   It grants immunity to clouds of flame.
   It enhances your fire magic.
   rF:        It greatly protects you from fire.
   rC:        It makes you very vulnerable to cold.
Jewellery
 c - a +6 ring of dexterity (left hand)
 f - a ring of willpower
 m - the ring of Nytozun (right hand) {+Blink rElec rF+ Int+4}
   (You took it off a gnoll sergeant on level 10 of the Dungeon)

   [ring of protection from fire]

   Int:       It affects your intelligence (+4).
   rF:        It protects you from fire.
   rElec:     It insulates you from electricity.
   +Blink:    It lets you blink.
 n - an amulet of regeneration (around neck)
 B - a ring of flight
 Q - a ring of protection from cold
Wands
 p - a wand of charming (9)
 x - a wand of flame (22)
 z - a wand of iceblast (5)
 A - a wand of quicksilver (7)
 F - a wand of polymorph (15)
 O - a wand of mindburst (6)
Scrolls
 a - a scroll of identify
 g - a scroll of fear
 v - a scroll of blinking
 I - a scroll of enchant armour {unknown}
 J - a scroll of poison {unknown}
 K - a scroll of magic mapping {unknown}
 L - a scroll of butterflies {unknown}
 M - 2 scrolls of teleportation {unknown}
 N - a scroll of silence {unknown}
 P - a scroll of torment {unknown}
 T - a scroll of noise {unknown}
Potions
 d - 2 potions of might
 e - 3 potions of brilliance
 h - a potion of heal wounds
 k - 4 potions of resistance
 l - a potion of berserk rage
 q - 5 potions of curing
 t - a potion of magic


   Skills:
 + Level 8.2 Fighting
 * Level 6.1(7.1) Axes
 - Level 5.4(6.7) Maces & Flails
 + Level 6.5 Throwing
 + Level 7.5 Armour
 - Level 4.2 Dodging
 + Level 7.4 Shields
 + Level 7.2 Invocations


You had 10 spell levels left.
You didn't know any spells.
Your spell library contained the following spells:

 Spells                   Type           Power      Damage    Failure   Level
 Stone Arrow              Conj/Erth      0%         3d7       100%        3
 Animate Armour           Summ/Erth      0%         N/A       100%        4
 Animate Dead             Necr           0%         N/A       100%        4
 Borgnjor's Vile Clutch   Necr/Erth      0%         N/A       100%        5
 Death Channel            Necr           0%         N/A       100%        6
 Lehudib's Crystal Spear  Conj/Erth      0%         10d2      100%        8


Dungeon Overview and Level Annotations

Branches:
Dungeon (11/15)            Temple (1/1) D:5            Lair (0/5) D:8
    Orc (0/2) D:10

Altars:
Ashenzari
Cheibriados
Dithmenos
Fedhas
Gozag
Hepliaklqana
Kikubaaqudgha
Makhleb
Nemelex Xobeh
Okawaru
Qazlal
Ru
Sif Muna
Trog
Uskayaw
Vehumet
Wu Jian
Xom
Yredelemnul

Shops:
D:9 [


Innate Abilities, Weirdness & Mutations

You have a pair of small horns on your head.
You are mostly covered in slimy green scales. (AC +3)
A demonic guardian rushes to your aid.
A meltable shield of frost defends you. (SH +4)


Message History

The skeletal warrior barely misses you.
The skeletal warrior hits you with a +0 long sword!
You hit the skeletal warrior. You headbutt the skeletal warrior.
The skeletal warrior is lightly damaged.
The skeletal warrior hits you with a +0 long sword!
You block the skeletal warrior's attack.
You slash the skeletal warrior!
The skeletal warrior is moderately damaged.
You block the skeletal warrior's attack.
The skeletal warrior hits you from afar with a +0 halberd.
You block the skeletal warrior's attack.
The skeletal warrior hits you with a +0 long sword!
You hit the skeletal warrior but do no damage.
You headbutt the skeletal warrior.
The skeletal warrior is heavily damaged.
You block the skeletal warrior's attack. x2
You hit the skeletal warrior.
The skeletal warrior is heavily damaged.
The skeletal warrior hits you with a +0 long sword.
You block the skeletal warrior's attack.
The skeletal warrior hits you with a +0 long sword!
You block the skeletal warrior's attack.
You closely miss the skeletal warrior.
You headbutt the skeletal warrior, but do no damage.
The skeletal warrior is heavily damaged.
You block the skeletal warrior's attack.
The skeletal warrior hits you from afar with a +0 halberd!
You slash the skeletal warrior!
The skeletal warrior is heavily damaged.
The skeletal warrior hits you but does no damage.
The skeletal warrior hits you from afar with a +0 halberd!
* * * LOW HITPOINT WARNING * * *
A demonic guardian appears!
You hit the skeletal warrior.
The skeletal warrior is severely damaged.
You block the skeletal warrior's attack.
The skeletal warrior hits you from afar with a +0 halberd!!
* * * LOW HITPOINT WARNING * * *
The skeletal warrior hits you from afar with a +0 halberd!!
You die...

.#[[.# #.#.........# <#.~.#
######+## ...........# .#.~.#
#.......# #.........# .#.~.#
#...# #.# #.........#
)#.~.#####...# #.# #.........#
.##'##.......# #.# #....###..#
............^# #.+ #...z###..#
#....(.......# #4# #.........#
#............# #@# #.........#
#............# #z# #..######.#
'............###z######..# #.#
#....................z...######.#
#...............................#
..............##................#
..#######.......................#
..# #.....[......[......###.#
.(#######...................###.#


You could see 2 skeletal warriors and a friendly ice devil (summoned).

Vanquished Creatures
  Snorg (D:11)
  A catoblepas (D:10)
  The ghost of LaMa the Cleaver, a novice MiBe of Trog (D:11)
  A salamander mystic (D:10)
  A salamander (D:10)
  Joseph (D:8)
  The ghost of predelnik the Chopper, a novice HOMo (D:4)
  A gargoyle (D:8)
  The ghost of kalagan the Conjurer, a novice DECj (D:8)
  A troll (D:10)
  2 shadows
  A wraith (D:10)
  A wyvern (D:9)
  15 yaks
  3 vampire mosquitoes (D:9)
  A steam dragon (D:8)
  3 water moccasins
  2 acid dragons
  2 orc warriors
  A sky beast (D:8)
  A black bear (D:6)
  An ogre (D:7)
  A centaur (D:8)
  2 bullfrogs
  2 necrophages
  A gnoll sergeant (D:8)
  2 scorpions (D:5)
  6 wights
  A killer bee (D:10)
  9 howler monkeys
  2 bullfrog zombies (D:4)
  4 quasits (D:8)
  2 hounds
  2 orc priests
  2 jellies
  Crazy Yiuf (D:5)
  An iguana (D:7)
  7 orc wizards
  12 adders
  7 gnolls
  A howler monkey skeleton (D:4)
  A shadow imp (D:8)
  2 white imps
  An ufetubus (D:4)
  2 worms
  3 dart slugs
  21 orcs
  11 ball pythons
  5 endoplasms
  A giant cockroach (D:3)
  10 goblins
  2 hobgoblins
  4 quokkas
  6 bats
  2 frilled lizards
  9 kobolds
  7 rats
195 creatures vanquished.

Vanquished Creatures (collateral kills)
  A two-headed ogre (D:10)
  The ghost of grerr the Geomancer, a novice FoEE of Vehumet (D:10)
  A cyclops (D:10)
  A troll (D:10)
  A wraith (D:9)
  A yak (D:9)
  An acid dragon (D:11)
  A black bear (D:6)
  A phantom (D:6)
  A wight (D:9)
  A gnoll sergeant (D:10)
  A killer bee (D:10)
  An orc priest (D:7)
  An orc wizard (D:11)
  A shadow imp (D:7)
15 creatures vanquished.

Vanquished Creatures (others)
  3 fungi (D:5)
3 creatures vanquished.

Grand Total: 213 creatures vanquished

Notes
Turn   | Place    | Note
-------+----------+-------------------------------------------
     0 | D:1      | GorkyZ the Demonspawn Fighter began the quest for the Orb.
     0 | D:1      | Reached XP level 1. HP: 18/18 MP: 1/1
   207 | D:1      | Gained mutation: You have a pair of small horns on your
                  | head. [demonic ancestry]
   207 | D:1      | Reached XP level 2. HP: 21/24 MP: 2/2
   857 | D:2      | Gained mutation: A meltable shield of frost defends you.
                  | (SH +4) [demonic ancestry]
   857 | D:2      | Reached XP level 3. HP: 18/29 MP: 3/3
  1305 | D:2      | Reached skill level 1 in Dodging
  1645 | D:2      | Reached XP level 4. HP: 35/35 MP: 4/4
  2685 | D:4      | Reached XP level 5. HP: 41/41 MP: 5/5
  2706 | D:4      | Reached skill level 1 in Throwing
  2804 | D:4      | Gained mutation: You are partially covered in slimy green
                  | scales. (AC +2) [demonic ancestry]
  2804 | D:4      | Reached XP level 6. HP: 48/48 MP: 6/6
  2828 | D:4      | Found a blossoming altar of Fedhas.
  2862 | D:4      | Found a runed translucent gate.
  2862 | D:4      | Found a runed translucent gate.
  2862 | D:4      | Found a runed translucent gate.
  2868 | D:4      | Noticed predelnik's ghost (novice HOMo)
  3074 | D:4      | Found an ancient bone altar of Kikubaaqudgha.
  3075 | D:4      | Found a broken altar of Ashenzari.
  3156 | D:4      | Reached skill level 4 in Fighting
  3265 | D:4      | Found a stormy altar of Qazlal.
  3855 | D:5      | Entered Level 5 of the Dungeon
  3964 | D:5      | Found an iron altar of Okawaru.
  4284 | D:5      | Found a runed translucent door.
  4285 | D:5      | Noticed Crazy Yiuf
  4315 | D:5      | Found a staircase to the Ecumenical Temple.
  4321 | Temple   | Entered the Ecumenical Temple
  4381 | Temple   | Became a worshipper of Dithmenos the Shadowed
  4452 | D:5      | Killed Crazy Yiuf
  4625 | D:5      | Found an ornate altar of the Wu Jian Council.
  4732 | D:5      | Gained mutation: A weak demonic guardian rushes to your
                  | aid. [demonic ancestry]
  4732 | D:5      | Reached XP level 7. HP: 53/54 MP: 7/7
  4960 | D:4      | Killed predelnik's ghost
  5128 | D:6      | Gained mutation: A demonic guardian rushes to your aid.
                  | [demonic ancestry]
  5128 | D:6      | Reached XP level 8. HP: 59/61 MP: 8/8
  5169 | D:6      | Reached skill level 5 in Fighting
  5969 | D:7      | Reached skill level 5 in Armour
  6202 | D:7      | Reached skill level 5 in Shields
  6421 | D:7      | Reached * piety under Dithmenos
  6422 | D:7      | Reached XP level 9. HP: 69/69 MP: 9/9
  6843 | D:8      | Found a transporter.
  6846 | D:8      | Noticed kalagan's ghost (novice DECj)
  6865 | D:8      | Identified the +5 ring mail of Jew Nay {Harm Dex-3 Slay+2}
  6923 | D:8      | Found a transporter.
  6958 | D:8      | Reached skill level 1 in Invocations
  6971 | D:8      | Noticed a gargoyle
  6990 | D:8      | Killed a gargoyle
  6991 | D:8      | Reached skill level 6 in Fighting
  6999 | D:8      | Reached skill level 5 in Maces & Flails
  7037 | D:8      | Found a staircase to the Lair.
  7246 | D:8      | Found a flagged portal.
  7248 | D:8      | Noticed Joseph
  7269 | D:8      | Killed Joseph
  7364 | D:8      | Found a sacrificial altar of Ru.
  7664 | D:8      | Killed kalagan's ghost
  7665 | D:8      | Reached skill level 1 in Axes
  7669 | D:8      | Reached skill level 5 in Throwing
  7797 | D:8      | Reached XP level 10. HP: 43/77 MP: 12/12
  8163 | D:9      | Found an opulent altar of Gozag.
  8185 | D:9      | Reached ** piety under Dithmenos
  8229 | D:9      | Found Xynkamess's Antique Armour Shoppe.
  8443 | D:9      | Reached skill level 7 in Fighting
  8619 | D:9      | Reached skill level 5 in Invocations
  9055 | D:10     | Entered Level 10 of the Dungeon
  9174 | D:10     | Found a staircase to the Orcish Mines.
  9367 | D:10     | Noticed a two-headed ogre
  9481 | D:10     | Identified the ring of Nytozun {+Blink rElec rF+ Int+4}
  9482 | D:10     | Found a runed translucent gate.
  9483 | D:10     | Noticed grerr's ghost (novice FoEE)
  9488 | D:10     | Noticed a catoblepas
  9489 | D:10     | Noticed a cyclops
  9505 | D:10     | Gained mutation: You are mostly covered in slimy green
                  | scales. (AC +3) [demonic ancestry]
  9505 | D:10     | Reached XP level 11. HP: 59/84 MP: 15/15
  9526 | D:10     | Found a runed translucent gate.
  9526 | D:10     | Found a runed translucent gate.
  9587 | D:10     | Killed a catoblepas
  9591 | D:10     | Killed a two-headed ogre
  9592 | D:10     | Reached skill level 5 in Axes
  9604 | D:10     | Killed grerr's ghost
  9705 | D:10     | Noticed a salamander mystic
  9705 | D:10     | Found the +3 salamander hide armour {Flames rF++ rC--}
  9720 | D:10     | Killed a salamander mystic
  9721 | D:10     | Reached skill level 8 in Fighting
  9889 | D:10     | Found a shimmering altar of Xom.
 10223 | D:11     | Noticed Snorg
 10241 | D:11     | Killed Snorg
 10247 | D:11     | Found a runed translucent door.
 10248 | D:11     | Noticed LaMa's ghost (novice MiBe)
 10272 | D:11     | Killed LaMa's ghost
 10652 | D:11     | Noticed a skeletal warrior
 10653 | D:11     | Noticed a skeletal warrior
 10681 | D:11     | HP: 2/86 [skeletal warrior/+0 halberd (24)]
 10681 | D:11     | Annihilated by a skeletal warrior

Illustrated notes

Levels and vault maps discovered:
D:1:      ncdulo_smallfort, layout_rooms
D:2:      layout_loops_ring
D:3:      layout_loops_cross
D:4:      layout_cave_pods, nicolae_overflow_hidden_temple, fedhas_altar_4,
          mainiacjoe_overflow_divided_tiny, gammafunk_ghost_necromancy,
          kennysheep_decorative_pillar
D:5:      layout_basic, mainiacjoe_overflow_concentric_impassable,
          nicolae_wu_jian_immortal_techniques,
          minmay_temple_entry_enclosed_plants, wad_floor_pattern_untrapped,
          nicolae_figureground_sparkle, uniq_crazy_yiuf_cottage
D:6:      layout_basic, minmay_misc_feat_ornament
D:7:      layout_basic, nicolae_concentric_dashed_squares_wild
D:8:      layout_basic, mainiacjoe_overflow_alcove_2, lair_entry_dummy,
          gammafunk_ghost_stat_death, enter_bailey_3, uniq_joseph
D:9:      layout_irregular_city, mainiacjoe_overflow_cross_hatched,
          serial_shops, nicolae_take_the_stairs
D:10:     layout_gridville, mainiacjoe_overflow_boulevard, orc_0_dummy,
          gammafunk_ghost_split, ebering_dispersal_statue_hall,
          hellmonk_guarded_unrand_salamander
D:11:     layout_stronghold, ebering_ghost_reflecting_pool,
          minmay_increasing_density, uniq_erolcha, uniq_snorg
Temple:   compressed_dpeg_triangle_lava_temple

Skill      XL: |  1  2  3  4  5  6  7  8  9 10 11 |
---------------+----------------------------------+-----
Maces & Flails | 2 3 4 5 |  5.4
Shields        | 3 4 5 6 7 |  7.4
Armour         | 3 4 5 6 7 |  7.5
Dodging        | 1 2 3 4 |  4.2
Throwing       | 1 2 3 5 6 |  6.5
Fighting       | 4 5 6 7 8 |  8.2
Invocations    | 3 5 7 |  7.2
Axes           | 1 4 6 |  6.1

Action                   |  1- 3 |  4- 6 |  7- 9 | 10-12 || total
-------------------------+-------+-------+-------+-------++-------
Melee: Flail             |    93 |   216 |   282 |       ||   591
       Headbutt          |     7 |    38 |    76 |    56 ||   177
       War axe           |       |       |    22 |   218 ||   240
  Use: Scroll            |       |     9 |     2 |     3 ||    14
       Potion            |       |     2 |       |     3 ||     5
Armor: Scale mail        |    22 |       |       |       ||    22
       Chain mail        |    17 |    80 |       |       ||    97
       Leather armour    |       |    34 |    62 |       ||    96
       Ring mail         |       |       |    68 |   112 ||   180
       Plate armour      |       |       |     3 |       ||     3
Dodge: Dodged            |    33 |    87 |   143 |    76 ||   339
Block: Buckler           |    25 |   114 |    92 |       ||   231
       Tower shield      |       |       |   206 |   243 ||   449
